 Dungeon Crawl Stone Soup version 0.31.0-9-g3a7656b989 (webtiles) character file.

Game seed: 8037491737268443770

2826 qw the Markself (level 9, -7/52 HPs)
             Began as a Deep Elf Hunter on Feb 2, 2024.
             Was a Believer of Okawaru.
             Blown up by Maurice (19 damage)
             ... with a mindburst bolt
             ... on level 7 of the Dungeon.
             The game lasted 00:00:29 (4981 turns).

qw the Markself (Deep Elf Hunter)                   Turns: 4981, Time: 00:00:30

Health: -7/52      AC: 21    Str: 12    XL:     9   Next: 45%
Magic:  10/13      EV: 18    Int: 15    God:    Okawaru [**....]
Gold:   0          SH:  0    Dex: 18    Spells: 8/8 levels left

rFire   + . .        t - +0 orcbow
rCold   . . .        (shield currently unavailable)
rNeg    . . .        m - +0 scale mail {rF+}
rPois   .            f - +2 helmet
rElec   .            o - +0 cloak
rCorr   .            c - +2 pair of gloves
SInv    .            d - +0 pair of boots
Will    .....        (no amulet)
Stlth   ++           h - +5 ring of evasion
HPRegen 0.28/turn    q - +4 ring of protection
MPRegen 0.13/turn

%: no passive effects
@: about to teleport, heroic
A: no striking features
a: Renounce Religion, Heroism


You were on level 7 of the Dungeon.
You worshipped Okawaru.
Okawaru was pleased with you.
You visited 2 branches of the dungeon, and saw 8 of its levels.

You collected 114 gold pieces.
You spent 114 gold pieces at shops.


   Skills:
 + Level 3.6(8.6) Fighting
 - Level 15.0(20.0) Ranged Weapons
 - Level 2.3(7.3) Armour
 - Level 4.1(9.1) Dodging
 - Level 1.2(6.2) Stealth
 + Level 3.8 Invocations


You had 8 spell levels left.
You didn't know any spells.
Your spell library was empty.

Inventory:

Hand Weapons
 t - a +0 orcbow (weapon)
Armour
 c - a +2 pair of gloves (worn)
 d - a +0 pair of boots (worn)
 f - a +2 helmet (worn)
 k - a +0 ring mail
 m - a +0 scale mail of fire resistance (worn)
 o - a +0 cloak (worn)
Jewellery
 h - a +5 ring of evasion (left hand)
 q - a +4 ring of protection (right hand)
Wands
 e - a wand of charming (7)
 n - a wand of quicksilver (1)
Scrolls
 b - 2 scrolls of teleportation
Potions
 i - a potion of resistance
 l - a potion of enlightenment
 p - a potion of curing
 r - a potion of mutation {unknown}

Dungeon Overview and Level Annotations

Branches:
Dungeon (7/15)             Temple (1/1) D:6

Altars:
Ashenzari
Cheibriados
Dithmenos
Elyvilon
Fedhas
Gozag
Hepliaklqana
Kikubaaqudgha
Makhleb
Nemelex Xobeh
Okawaru
Qazlal
Ru
Sif Muna
Trog
Uskayaw
Vehumet
Wu Jian
Xom
Yredelemnul
Zin
The Shining One

Shops:
D:6 [

Annotations:
D:7 Maurice, Prince Ribbit


Message History

The ufetubus hits you but does no damage.
Maurice closely misses you. x2
You shoot an arrow. The arrow hits Maurice.
Maurice is lightly wounded.
The ufetubus closely misses you. The ufetubus misses you.
Maurice completely misses you. Maurice barely misses you.
You shoot an arrow. The arrow closely misses Maurice.
The ufetubus barely misses you. The ufetubus completely misses you.
Maurice hits you but does no damage. Maurice closely misses you.
The ufetubus barely misses you. The ufetubus closely misses you.
You shoot an arrow. The arrow hits Maurice!
Maurice is lightly wounded.
The ufetubus barely misses you. The ufetubus misses you.
You shoot an arrow.
The arrow hits Maurice but does no damage.
Maurice is lightly wounded.
The ufetubus hits you but does no damage.
The ufetubus barely misses you. Maurice barely misses you.
Maurice completely misses you.
You shoot an arrow. The arrow hits Maurice!
Maurice is moderately wounded.
The ufetubus closely misses you. The ufetubus barely misses you.
Maurice zaps a wand.
Your mind is blasted!
The ufetubus completely misses you.
The ufetubus hits you but does no damage.
You shoot an arrow. The arrow closely misses Maurice.
Maurice hits you but does no damage. Maurice barely misses you.
The ufetubus completely misses you. The ufetubus misses you.
You shoot an arrow. The arrow hits Maurice.
Maurice is moderately wounded.
The ufetubus hits you but does no damage. x2
Maurice hits you with a +0 short sword.
Maurice steals 209 gold pieces!
You now have 0 gold pieces.
Maurice bites you.
You feel your power leaking away. Maurice drains your magic.
The ufetubus misses you.
The ufetubus hits you but does no damage.
4981 ||| READING 3 scrolls of teleportation.
As you read the scroll of teleportation, it crumbles to dust.
You feel strangely unstable.
Maurice zaps a wand.
Your mind is blasted!
You die...

#.#######
#.......
.......
##.....
..... #...
#f.# #.@#
#..5......
#..#######
../# .....
.##..# ##
...# ##.#


You could see Maurice and an ufetubus.

Vanquished Creatures
  3 yaks (D:6)
  A water moccasin (D:6)
  2 black bears
  2 ice beasts
  A sky beast (D:7)
  2 ogres (D:6)
  A centaur (D:6)
  3 phantoms (D:5)
  3 scorpions (D:5)
  2 bullfrogs
  A gnoll sergeant (D:6)
  3 bombardier beetles
  A jelly (D:4)
  5 hounds
  5 orc priests
  4 iguanas (D:5)
  Ijyb (D:4)
  Natasha (thrice) (D:4)
  An orc wizard (D:5)
  Robin (D:3)
  6 gnolls
  13 adders
  3 shadow imps (D:7)
  A white imp (D:7)
  An ufetubus (D:7)
  2 ribbon worms
  2 dart slugs (D:1)
  15 orcs
  7 endoplasms
  3 giant cockroaches
  15 goblins
  6 hobgoblins
  12 quokkas
  7 ball pythons
  A bat (D:1)
  2 frilled lizards
  8 kobolds
  3 rats
152 creatures vanquished.

Notes
Turn   | Place    | Note
-------+----------+-------------------------------------------
     0 | D:1      | qw the Deep Elf Hunter began the quest for the Orb.
     0 | D:1      | Reached XP level 1. HP: 12/12 MP: 3/3
     0 | D:1      | 0 ||| qw: Version: 0.3-a-155-g5e7d8dd
     0 | D:1      | 0 ||| qw: Game counter: 725
     0 | D:1      | 0 ||| qw: Melee chars always use a shield: true
     0 | D:1      | 0 ||| qw: God list: Okawaru
     0 | D:1      | 0 ||| qw: Allow faded altars: false
     0 | D:1      | 0 ||| qw: Do Orc after clearing Dungeon:15 true
     0 | D:1      | 0 ||| qw: Do second Lair branch before Depths: true
     0 | D:1      | 0 ||| qw: Lair rune preference: random
     0 | D:1      | 0 ||| qw: Goals: Normal
     0 | D:1      | 0 ||| PLANNING D:1-11
    59 | D:1      | Reached XP level 2. HP: 16/16 MP: 4/4
    61 | D:1      | Reached skill level 6 in Ranged Weapons
   516 | D:1      | 516 ||| UPGRADING to +5 ring of evasion.
   517 | D:1      | 517 ||| READING 2 scrolls labelled MILOKEEPLUI.
   518 | D:1      | 518 ||| READING 2 scrolls labelled ONEASETHRYUX.
   519 | D:1      | 519 ||| READING scroll labelled QUG LOSKIT.
   520 | D:1      | 520 ||| READING scroll labelled GOMMOOGOITH.
   525 | D:1      | 525 ||| DROPPING scroll of butterflies.
   526 | D:1      | 526 ||| DROPPING scroll of revelation.
   527 | D:1      | 527 ||| DROPPING scroll of poison.
   655 | D:2      | Reached XP level 3. HP: 20/20 MP: 5/5
   746 | D:2      | Found a faded altar of an unknown god.
  1014 | D:2      | Reached skill level 7 in Ranged Weapons
  1018 | D:2      | 1018 ||| UPGRADING to +0 pair of boots.
  1023 | D:2      | 1023 ||| READING 2 scrolls labelled IGHEN RIZXEASTEIT.
  1023 | D:2      | 1023 ||| IDENTIFYING clear potion
  1024 | D:2      | 1024 ||| READING scroll of identify.
  1024 | D:2      | 1024 ||| IDENTIFYING smoky pink potion
  1025 | D:2      | 1025 ||| DROPPING potion of attraction.
  1105 | D:3      | Noticed Robin
  1120 | D:3      | Killed Robin
  1121 | D:3      | Reached XP level 4. HP: 21/25 MP: 6/6
  1333 | D:3      | 1333 ||| RETREEEEATING.
  1335 | D:3      | 1335 ||| RETREEEEATING.
  1336 | D:3      | 1336 ||| RETREEEEATING.
  1340 | D:3      | Reached skill level 8 in Ranged Weapons
  1342 | D:3      | Reached XP level 5. HP: 22/29 MP: 7/7
  1714 | D:3      | Reached skill level 9 in Ranged Weapons
  1996 | D:3      | 1996 ||| UPGRADING to +0 helmet.
  2001 | D:3      | 2001 ||| READING 3 scrolls of identify.
  2001 | D:3      | 2001 ||| IDENTIFYING fizzy coppery potion
  2002 | D:3      | 2002 ||| READING 2 scrolls of identify.
  2002 | D:3      | 2002 ||| IDENTIFYING golden potion
  2003 | D:3      | 2003 ||| READING scroll of identify.
  2003 | D:3      | 2003 ||| IDENTIFYING 2 pink potions
  2004 | D:3      | 2004 ||| DRINKING 2 smoky emerald potions.
  2005 | D:3      | 2005 ||| DROPPING 2 potions of lignification.
  2033 | D:4      | Reached skill level 3 in Dodging
  2169 | D:4      | Reached XP level 6. HP: 35/35 MP: 8/8
  2171 | D:4      | Noticed Ijyb
  2173 | D:4      | 2173 ||| DRINKING potion of curing.
  2173 | D:4      | 2173 ||| (to cure confusion)
  2199 | D:4      | Killed Ijyb
  2305 | D:4      | Noticed Natasha
  2310 | D:4      | Killed Natasha
  2339 | D:4      | Reached skill level 10 in Ranged Weapons
  2416 | D:4      | Noticed Natasha
  2430 | D:4      | Killed Natasha
  2440 | D:4      | Noticed Natasha
  2443 | D:4      | Killed Natasha
  2451 | D:4      | Found a hazy altar of Hepliaklqana.
  2456 | D:4      | Found a sacrificial altar of Ru.
  2463 | D:4      | Found an ornate altar of the Wu Jian Council.
  2471 | D:4      | Found a basalt altar of Yredelemnul.
  2478 | D:4      | Found a radiant altar of Vehumet.
  2483 | D:4      | Found a blossoming altar of Fedhas.
  2504 | D:4      | Found a stormy altar of Qazlal.
  2577 | D:4      | 2577 ||| UPGRADING to +0 ring mail.
  2587 | D:4      | 2587 ||| DROPPING +0 leather armour.
  2588 | D:4      | 2588 ||| READING 2 scrolls labelled ZEXUDE LAENG.
  2588 | D:4      | 2588 ||| ENCHANTING +0 helmet.
  2589 | D:4      | 2589 ||| READING scroll of enchant armour.
  2589 | D:4      | 2589 ||| ENCHANTING +1 helmet.
  2599 | D:5      | Entered Level 5 of the Dungeon
  2600 | D:5      | 2600 ||| PLANNING SEWER
  2611 | D:5      | Noticed an ice beast
  2623 | D:5      | Killed an ice beast
  2624 | D:5      | Reached skill level 1 in Armour
  2624 | D:5      | Reached XP level 7. HP: 22/40 MP: 9/9
  2632 | D:5      | HP: 9/40 [poisoned by a scorpion]
  2636 | D:5      | HP: 4/40 [poisoned by a scorpion]
  2834 | D:5      | Reached skill level 11 in Ranged Weapons
  3138 | D:5      | Reached XP level 8. HP: 39/44 MP: 10/10
  3160 | D:5      | Reached skill level 12 in Ranged Weapons
  3228 | D:5      | Reached skill level 3 in Fighting
  3230 | D:5      | 3230 ||| FLEEEEING.
  3231 | D:5      | 3231 ||| FLEEEEING.
  3232 | D:5      | 3232 ||| FLEEEEING.
  3233 | D:5      | 3233 ||| FLEEEEING.
  3234 | D:5      | 3234 ||| FLEEEEING.
  3235 | D:5      | 3235 ||| FLEEEEING.
  3236 | D:5      | 3236 ||| FLEEEEING.
  3237 | D:5      | 3237 ||| FLEEEEING.
  3238 | D:5      | 3238 ||| FLEEEEING.
  3239 | D:5      | 3239 ||| FLEEEEING.
  3240 | D:5      | 3240 ||| FLEEEEING.
  3241 | D:5      | 3241 ||| FLEEEEING.
  3242 | D:5      | 3242 ||| FLEEEEING.
  3243 | D:5      | 3243 ||| FLEEEEING.
  3244 | D:5      | 3244 ||| FLEEEEING.
  3245 | D:5      | 3245 ||| FLEEEEING.
  3246 | D:5      | 3246 ||| FLEEEEING.
  3247 | D:5      | 3247 ||| FLEEEEING.
  3248 | D:5      | 3248 ||| FLEEEEING.
  3249 | D:5      | 3249 ||| FLEEEEING.
  3250 | D:5      | 3250 ||| FLEEEEING.
  3260 | D:5      | 3260 ||| RIP SEWER
  3261 | D:5      | 3261 ||| PLANNING D:1-11
  3699 | D:5      | 3699 ||| UPGRADING to +2 pair of gloves.
  3704 | D:5      | 3704 ||| UPGRADING to +0 scale mail of fire resistance.
  3714 | D:5      | 3714 ||| UPGRADING to +4 ring of protection.
  3715 | D:5      | 3715 ||| READING scroll labelled HEUSUOMIOPT.
  3715 | D:5      | 3715 ||| ENCHANTING +0 shortbow.
  3716 | D:5      | 3716 ||| DRINKING 2 fizzy ruby potions.
  3717 | D:5      | 3717 ||| DROPPING potion of invisibility.
  3737 | D:6      | 3737 ||| STAIRDANCE
  3805 | D:6      | Found a staircase to the Ecumenical Temple.
  3806 | D:6      | 3806 ||| PLANNING TEMPLE
  3814 | Temple   | Entered the Ecumenical Temple
  3815 | Temple   | 3815 ||| PLANNING OKAWARU WORSHIP
  3819 | Temple   | Became a worshipper of Warmaster Okawaru
  3820 | Temple   | 3820 ||| PLANNING D:1-11
  3859 | D:6      | 3859 ||| RETREEEEATING.
  3869 | D:6      | Reached skill level 13 in Ranged Weapons
  3869 | D:6      | 3869 ||| RETREEEEATING.
  3877 | D:6      | HP: 8/46 [gnoll/+0 club[a gnoll sergeant] (7)]
  3878 | D:6      | 3878 ||| READING 3 scrolls of teleportation.
  3879 | D:6      | 3879 ||| DRINKING 2 potions of heal wounds.
  4306 | D:6      | Reached skill level 14 in Ranged Weapons
  4350 | D:6      | 4350 ||| SWAPPING to +0 orcbow.
  4351 | D:6      | 4351 ||| DROPPING +1 shortbow.
  4409 | D:6      | Found Puroafen's Antique Armour Boutique.
  4415 | D:6      | 4415 ||| BUYING embroidered robe (114 gold).
  4415 | D:6      | Bought an embroidered robe for 114 gold pieces
  4427 | D:6      | Reached XP level 9. HP: 50/50 MP: 11/11
  4501 | D:6      | Reached * piety under Okawaru
  4511 | D:6      | Reached skill level 1 in Invocations
  4794 | D:6      | 4794 ||| DROPPING +2 robe of willpower.
  4795 | D:6      | 4795 ||| UPGRADING to +0 cloak.
  4800 | D:6      | 4800 ||| READING scroll of identify.
  4800 | D:6      | 4800 ||| IDENTIFYING dark potion
  4801 | D:6      | 4801 ||| DROPPING potion of berserk rage.
  4823 | D:7      | Reached skill level 15 in Ranged Weapons
  4838 | D:7      | Reached skill level 3 in Invocations
  4939 | D:7      | Noticed Prince Ribbit
  4945 | D:7      | 4945 ||| RETREEEEATING.
  4946 | D:7      | 4946 ||| ZAPPING wand of quicksilver (2) at 0,1 (black
                  | bear; floor).
  4946 | D:7      | Reached ** piety under Okawaru
  4958 | D:7      | HP: 12/51 [ufetubus (2)]
  4959 | D:7      | 4959 ||| READING 4 scrolls of teleportation.
  4960 | D:7      | 4960 ||| DRINKING potion of heal wounds.
  4964 | D:7      | Noticed Maurice
  4965 | D:7      | 4965 ||| INVOKING Heroism.
  4980 | D:7      | Maurice stole 209 gold
  4980 | D:7      | HP: 12/52 [Maurice/+0 short sword (3)]
  4981 | D:7      | 4981 ||| READING 3 scrolls of teleportation.
  4981 | D:7      | Blown up by Maurice

Levels and vault maps discovered:
D:1:      dpeg_arrival_orchard, layout_basic, minmay_misc_feat_encased,
          fountainhead
D:2:      layout_loops_ring, hellmonk_ecumenical_altar_crossroads
D:3:      layout_basic, serial_park_tiny_pond, hangedman_abyss_or_decor_stabs,
          cheibrodos_gnoll_hut, uniq_robin
D:4:      layout_rooms, grunt_temple_overflow_octagram, uniq_natasha, uniq_ijyb
D:5:      layout_cave_pools, gup_sewer_entry_spiral, kennysheep_generic_room_10
D:6:      layout_loops_cross, minmay_temple_entry_water_ring, serial_shops, shop
D:7:      layout_loops_ring, serial_demonic, serial_demonic_a, serial_demonic_a,
          serial_demonic_c, serial_demonic_f, serial_demonic_a,
          serial_demonic_f, uniq_prince_ribbit1, uniq_maurice
Temple:   hellmonk_temple_of_storms

Skill      XL: |  1  2  3  4  5  6  7  8  9 |
---------------+----------------------------+-----
Ranged Weapons | 6 7 8 9 10 11 14 15 | 15.0
Dodging        | 3 4 |  4.1
Fighting       | 2 3 |  3.6
Armour         | 1 2 |  2.3
Invocations    | 3 |  3.8
Stealth        | |  1.2

Action                     |  1- 3 |  4- 6 |  7- 9 || total
---------------------------+-------+-------+-------++-------
   Fire: Shortbow          |    80 |   147 |   306 ||   533
         Orcbow            |       |       |   133 ||   133
 Invoke: Heroism           |       |       |     1 ||     1
  Evoke: Wand              |       |       |     1 ||     1
    Use: Scroll            |     6 |     5 |     5 ||    16
         Potion            |       |     2 |     3 ||     5
 Armour: Leather armour    |     9 |    24 |       ||    33
         Ring mail         |       |     6 |    46 ||    52
         Scale mail        |       |       |   117 ||   117
  Dodge: Dodged            |    10 |    47 |   231 ||   288

Table legend:
 A = Non-vault XP
 B = Vault XP
 C = Vault XP percentage of total XP
 D = Non-vault monster count
 E = Vault monster count
 F = Vault count percentage of total count
                 A         B        C        D         E       F
            +---------+---------+-------+---------+---------+-------
      Total |    3740 |     298 |   7.4 |     122 |      30 |  19.7
            +---------+---------+-------+---------+---------+-------
        D:1 |      32 |       0 |   0.0 |      16 |       0 |   0.0
        D:2 |      43 |       0 |   0.0 |      12 |       0 |   0.0
        D:3 |      71 |     133 |  65.2 |      16 |      14 |  46.7
        D:4 |     358 |      70 |  16.4 |      20 |       2 |   9.1
        D:5 |    1266 |      43 |   3.3 |      28 |       9 |  24.3
        D:6 |    1429 |       0 |   0.0 |      22 |       0 |   0.0
        D:7 |     541 |      52 |   8.8 |       8 |       5 |  38.5
            +---------+---------+-------+---------+---------+-------
